 Dungeon Crawl Stone Soup version 0.23-a0-308-gf318fe8 (webtiles) character file.

3771 Geeful the Fighter (level 10, -3/108 (110) HPs)
             Began as an Ogre Abyssal Knight on Oct 8, 2018.
             Was an Elder of Lugonu.
             Slain by a troll (12 damage)
             ... on level 9 of the Dungeon on Oct 10, 2018.
             The game lasted 00:37:33 (11277 turns).

Geeful the Fighter (Ogre Abyssal Knight)           Turns: 11277, Time: 00:37:33

HP:   -3/108 (110)  AC:  6    Str: 19    XL:     10   Next: 16%
MP:   16/16         EV: 11    Int: 13    God:    Lugonu [****..]
Gold: 430           SH:  0    Dex: 10    Spells: 9/9 levels left

rFire    . . .     SeeInvis .   o - +2 giant spiked club
rCold    + . .     Gourm    .   (shield currently unavailable)
rNeg     . . .     Faith    .   l - +2 robe {rC+}
rPois    .         Spirit   .   (helmet restricted)
rElec    .         Reflect  .   q - +0 cloak
rCorr    .         Harm     .   (gloves unavailable)
MR       +....                  (boots unavailable)
Stlth    +.........             (no amulet)
HPRegen  0.28/turn              (no ring)
MPRegen  0.15/turn              (no ring)

@: hasted, heavily drained, very quick
A: large, unfitting armour, tough skin 1
a: Depart the Abyss, Bend Space, Banish, Corrupt, Renounce Religion


You were on level 9 of the Dungeon.
You worshipped Lugonu.
Lugonu was greatly pleased with you.
You were not hungry.

You visited 1 branch of the dungeon, and saw 9 of its levels.
You visited the Abyss 1 time.
You also visited: Sewer.

You collected 430 gold pieces.

Inventory:

Hand Weapons
 h - a +0 blowgun
 n - a +0 flail of venom
 o - a +2 giant spiked club (weapon)
Missiles
 m - 13 poisoned needles
Armour
 l - a +2 robe of cold resistance (worn)
 q - a +0 cloak (worn)
Wands
 a - a wand of polymorph (13)
 s - a wand of digging (15)
Scrolls
 b - 4 scrolls of identify
 e - 2 scrolls of teleportation
 f - 4 scrolls of enchant armour
Potions
 d - a potion of flight
 g - a potion of haste
 i - 2 potions of mutation
 k - a potion of curing
Comestibles
 c - 16 rations
 p - a chunk of flesh


   Skills:
 + Level 10.1(7.9) Fighting
 + Level 6.8(4.8) Maces & Flails
 + Level 6.9(4.9) Dodging
 + Level 8.0(5.9) Invocations


You had 9 spell levels left.
You didn't know any spells.
Your spell library contained the following spells:

 Spells                   Type           Power        Failure   Level  Hunger
 Animate Skeleton         Necr           N/A          30%         1    ##.....
 Pain                     Necr           #...         30%         1    ##.....
 Regeneration             Chrm/Necr      #.........   67%         3    ####...
 Vampiric Draining        Necr           #.........   67%         3    ####...
 Animate Dead             Necr           N/A          97%         4    #####..
 Cause Fear               Hex            #.........   97%         4    #####..
 Silence                  Hex/Air        #.........   100%        5    ######.
 Yara's Violent Unravell  Hex/Tmut       #.........   100%        5    ######.
 Deflect Missiles         Chrm/Air       #.........   100%        6    #######
 Discord                  Hex            #.........   100%        8    #######


Dungeon Overview and Level Annotations

Branches:
Dungeon (9/15)             Temple (0/1) D:6
   Lair: D:8-11         Orc: D:9-12

Altars:
Cheibriados
Dithmenos
Elyvilon
Hepliaklqana
Kikubaaqudgha
Makhleb
Qazlal
Trog
The Shining One


Innate Abilities, Weirdness & Mutations

You are too large for most types of armour.
You have tough skin. (AC +1)


Message History

The troll bites you! The troll closely misses you. x2
You hit the troll but do no damage.
The troll is severely wounded.
The troll bites you! The troll claws you! The troll barely misses you. x2
The troll claws you but does no damage. The troll claws you.
* * * LOW HITPOINT WARNING * * *
You barely miss the troll.
The troll is severely wounded.
The troll bites you.
* * * LOW HITPOINT WARNING * * *
The troll claws you.
* * * LOW HITPOINT WARNING * * *
The troll claws you.
* * * LOW HITPOINT WARNING * * *
The troll bites you.
* * * LOW HITPOINT WARNING * * *
The troll misses you. The troll claws you.
* * * LOW HITPOINT WARNING * * *
You feel yourself speed up. The troll bites you!
You die...

#+# #.# #.# # #.# ###.###
#.### ### .......######...#
#.. .........T@...#.#######
#..
.......######.........###..
....... ###.#####...'..
....... #.# #####.. .T.....
#.## ##' ##.#### #.># #.
#.. ##.# #. #. #.# ## #.# #


You could see a troll.

Vanquished Creatures
  Grinder (D:4)
  Sigmund (D:4)
  A spriggan (D:7)
  Edmund (D:5)
  An orc warrior (D:6)
  2 sky beasts
  2 black bears (D:8)
  A necrophage (D:8)
  3 ogres
  A centaur (D:7)
  Blork the orc (D:5)
  6 big kobolds
  7 bullfrogs
  A gnoll sergeant (D:6)
  2 scorpions
  A water moccasin skeleton (D:6)
  4 wights (D:8)
  3 crimson imps
  A centaur zombie (D:5)
  2 bullfrog zombies (D:5)
  A quasit (D:9)
  4 hounds
  2 orc priests (D:8)
  Crazy Yiuf (D:5)
  2 orc wizards
  An iguana (D:5)
  2 worker ants
  2 hound skeletons
  13 adders
  4 gnolls (D:6)
  A howler monkey skeleton (D:6)
  A river rat (Sewer)
  3 shadow imps
  4 oozes
  2 adder skeletons
  10 worms
  A dart slug (D:4)
  5 leopard geckos
  16 orcs
  7 ball pythons
  6 giant cockroaches
  11 hobgoblins
  5 quokkas
  9 bats
  8 frilled lizards
  6 goblins
  2 jackal zombies (D:8)
  17 kobolds
  A leopard gecko skeleton (D:5)
  A leopard gecko zombie (D:5)
  15 rats
205 creatures vanquished.

Vanquished Creatures (others)
  4 fungi (D:8)
4 creatures vanquished.

Grand Total: 209 creatures vanquished

Notes
Turn   | Place    | Note
-------+----------+-------------------------------------------
     0 | Abyss:1  | Geeful the Ogre Abyssal Knight began the quest for the Orb.
     0 | Abyss:1  | Reached XP level 1. HP: 24/24 MP: 2/2
    32 | Abyss:1  | Found a corrupted altar of Lugonu.
   103 | Abyss:1  | Noticed a thrashing horror
   105 | D:1      | Escaped the Abyss
   167 | D:1      | Reached * piety under Lugonu
   175 | D:1      | Reached XP level 2. HP: 31/32 MP: 3/3
   439 | D:1      | Found a snail-covered altar of Cheibriados.
   568 | D:1      | Reached XP level 3. HP: 37/40 MP: 4/4
   915 | D:2      | Reached XP level 4. HP: 49/49 MP: 4/6
  1169 | D:2      | Reached skill level 5 in Fighting
  1378 | D:2      | Reached ** piety under Lugonu
  1536 | D:2      | Reached XP level 5. HP: 45/57 MP: 7/7
  1756 | D:3      | Found a white marble altar of Elyvilon.
  2028 | D:3      | Found a glowing golden altar of the Shining One.
  2188 | D:3      | Found a burning altar of Makhleb.
  2496 | D:3      | Upgraded the game from 0.23-a0-303-gfcac5de to
                  | 0.23-a0-307-gc3b755d
  2917 | D:4      | Reached XP level 6. HP: 32/66 MP: 8/8
  3020 | D:4      | Noticed Grinder
  3095 | D:4      | Found a hazy altar of Hepliaklqana.
  3362 | D:4      | Found a glowing drain.
  3369 | Sewer    | Entered a sewer
  3671 | Sewer    | Reached skill level 6 in Fighting
  3921 | Sewer    | Reached XP level 7. HP: 35/75 MP: 10/10
  4262 | Sewer    | Reached *** piety under Lugonu
  4675 | D:4      | Noticed Sigmund
  4683 | D:4      | Killed Sigmund
  4683 | D:4      | Reached skill level 5 in Invocations
  4696 | D:4      | Killed Grinder
  4696 | D:4      | Reached skill level 7 in Fighting
  4696 | D:4      | Reached XP level 8. HP: 54/87 MP: 10/12
  4697 | D:4      | Found a shadowy altar of Dithmenos.
  4973 | D:5      | Entered Level 5 of the Dungeon
  5631 | D:5      | Noticed Edmund
  5642 | D:5      | Killed Edmund
  5642 | D:5      | Reached skill level 5 in Dodging
  5956 | D:5      | Reached skill level 5 in Maces & Flails
  5979 | D:5      | Noticed Blork the orc
  6076 | D:5      | Killed Blork the orc
  6103 | D:5      | Found a stormy altar of Qazlal.
  6111 | D:5      | Reached skill level 8 in Fighting
  6152 | D:5      | Found an ancient bone altar of Kikubaaqudgha.
  6699 | D:5      | Found a runed door.
  6703 | D:5      | Noticed Crazy Yiuf
  6707 | D:5      | Killed Crazy Yiuf
  6827 | D:6      | Found a staircase to the Ecumenical Temple.
  7015 | D:6      | Reached XP level 9. HP: 68/97 MP: 13/13
  8206 | D:6      | Reached skill level 9 in Fighting
  8215 | D:6      | Reached **** piety under Lugonu
  9581 | D:8      | Found a bloodstained altar of Trog.
 10114 | D:8      | Reached XP level 10. HP: 81/110 MP: 15/15
 10218 | D:8      | Upgraded the game from 0.23-a0-307-gc3b755d to
                  | 0.23-a0-308-gf318fe8
 10694 | D:8      | Reached skill level 10 in Fighting
 11277 | D:9      | Slain by a troll

Vault maps used:
D:1:      dpeg_arrival_rhombus, cheibriados_altar_1
D:2:      first_ration
D:3:      makhleb_blood_cavern_becter, lemuel_crystal_altar,
          nicolae_tso_carved_into_rock, hangedman_decor_growths
D:4:      lemuel_doored_altar, kennysheep_mini, gup_sewer_entry_bubbles,
          kennysheep_generic_room_15, uniq_sigmund, uniq_grinder
D:5:      kiku_gazebo_pond_becter, lemuel_round_altar, uniq_blork_the_orc,
          uniq_crazy_yiuf_cottage, uniq_edmund
D:6:      minmay_temple_entry_overgrown
D:7:      the_bakery
D:8:      kb_forest_paths, trog_ov_bears_minmay, hangedman_glass_teeth,
          fedhas_altar_3
D:9:      david_lair_generic, david_orc_4, minmay_misc_feat_chi, uniq_pikel
Sewer:    sewer_co_tree

Skill      XL: |  1  2  3  4  5  6  7  8  9 10 |
---------------+-------------------------------+-----
Maces & Flails | 2 3 4 5 6 |  6.8
Invocations    | 3 4 5 6 7 8 |  8.0
Fighting       | 5 6 7 8 9 10 | 10.1
Dodging        | 3 4 5 6 |  6.9

Action                   |  1- 3 |  4- 6 |  7- 9 | 10-12 || total
-------------------------+-------+-------+-------+-------++-------
Melee: Mace              |    76 |   288 |   155 |       ||   519
       Flail             |       |       |   192 |    80 ||   272
       Giant club        |       |       |    67 |       ||    67
       Giant spiked club |       |       |       |     9 ||     9
Invok: Depart the Abyss  |     1 |       |       |       ||     1
Evoke: Wand              |       |       |     9 |    15 ||    24
  Use: Scroll            |     3 |     5 |     6 |     4 ||    18
       Potion            |       |       |     5 |     3 ||     8
 Stab: Sleeping          |       |     1 |     1 |       ||     2
  Eat: Chunk             |       |    10 |    17 |     2 ||    29
       Ration            |       |       |     1 |     1 ||     2
Armor: Robe              |    31 |    69 |   111 |    28 ||   239
Dodge: Dodged            |    46 |   187 |   272 |    70 ||   575

Table legend:
 A = Non-vault XP
 B = Vault XP
 C = Vault XP percentage of total XP
 D = Non-vault monster count
 E = Vault monster count
 F = Vault count percentage of total count
                 A         B        C        D         E       F
            +---------+---------+-------+---------+---------+-------
      Total |    3475 |    1913 |  35.5 |     164 |      41 |  20.0
            +---------+---------+-------+---------+---------+-------
        D:1 |      37 |       0 |   0.0 |      26 |       0 |   0.0
        D:2 |     132 |       0 |   0.0 |      23 |       0 |   0.0
        D:3 |      65 |      42 |  39.3 |      20 |       1 |   4.8
        D:4 |      82 |     507 |  86.1 |      15 |       6 |  28.6
        D:5 |     483 |     304 |  38.6 |      24 |       3 |  11.1
        D:6 |    1060 |       0 |   0.0 |      21 |       0 |   0.0
        D:7 |     559 |     215 |  27.8 |      11 |       1 |   8.3
        D:8 |     850 |     262 |  23.6 |      20 |       2 |   9.1
        D:9 |     207 |       0 |   0.0 |       4 |       0 |   0.0
      Sewer |       0 |     583 | 100.0 |       0 |      28 | 100.0
            +---------+---------+-------+---------+---------+-------
